 Dungeon Crawl Stone Soup version 0.31-a0-1499-ge0622b2318 (webtiles) character file.

Game seed: 14790140506623133232

247 Curundu the Slasher (level 5, 0/48 HPs)
             Began as a Minotaur Berserker on Dec 30, 2023.
             Was a Believer of Trog.
             Slain by a gnoll
             ... wielding a +0 halberd
              (4 damage)
             ... on level 3 of the Dungeon.
             The game lasted 00:06:02 (1324 turns).

Curundu the Slasher (Minotaur Berserker)            Turns: 1324, Time: 00:06:02

Health: 0/48       AC: 12    Str: 23    XL:     5   Next: 85%
Magic:  4/4        EV:  7    Int:  4    God:    Trog [**....]
Gold:   130        SH:  0    Dex: 10    Spells: 4/4 levels left

rFire   . . .        a - +0 falchion (venom)
rCold   . . .        (no shield)
rNeg    . . .        d - +0 plate armour
rPois   .            (helmet restricted)
rElec   .            y - +0 cloak
rCorr   .            (no gloves)
SInv    .            (no boots)
Will    .....        (no amulet) Stlth
                     (no ring)
HPRegen 0.28/turn    (no ring)
MPRegen 0.09/turn

%: no passive effects
@: no status effects
A: horns 2, retaliatory headbutt
a: Renounce Religion, Berserk, Trog's Hand


You were on level 3 of the Dungeon.
You worshipped Trog.
Trog was pleased with you.
You visited 1 branch of the dungeon, and saw 3 of its levels.

You collected 130 gold pieces.

Inventory:

Hand Weapons
 a - a +0 falchion of venom (weapon)
Missiles
 c - 2 throwing nets
 e - 3 datura-tipped darts
 x - 6 poisoned darts
Armour
 d - a +0 plate armour (worn)
 y - a +0 cloak (worn)
Jewellery
 t - a ring of fire
Wands
 w - a wand of flame (21)
Scrolls
 g - 3 scrolls of identify
 h - a scroll of revelation
 j - 2 scrolls of amnesia
 k - a scroll of enchant armour {unknown}
 l - a scroll of blinking {unknown}
 m - a scroll of fog {unknown}
 n - a scroll of enchant weapon {unknown}
 p - a scroll of silence {unknown}
 u - a scroll of vulnerability {unknown}
Potions
 b - 3 potions of curing {unknown}
 i - a potion of degeneration {unknown}
 o - a potion of haste {unknown}
 q - a potion of ambrosia {unknown}
 r - a potion of brilliance {unknown}
 s - a potion of cancellation {unknown}
 v - a potion of heal wounds {unknown}


   Skills:
 + Level 5.1 Fighting
 + Level 6.1 Long Blades
 + Level 3.6 Armour
 + Level 2.9 Dodging


You had 4 spell levels left.
You didn't know any spells.
Your spell library was empty.

Dungeon Overview and Level Annotations

Branches:
Dungeon (3/15)

Altars:
Fedhas


Innate Abilities, Weirdness & Mutations

You have a pair of horns on your head.
You reflexively headbutt those who attack you in melee.


Message History

* * * LOW HITPOINT WARNING * * *
The gnoll hits you but does no damage.
You closely miss the gnoll. Your headbutt misses the gnoll.
The gnoll is almost dead.
The gnoll barely misses you. The gnoll hits you with a +0 flail.
* * * LOW HITPOINT WARNING * * *
The gnoll hits you but does no damage. The gnoll hits you with a +0 flail.
* * * LOW HITPOINT WARNING * * *
The gnoll hits you but does no damage.
You hit the gnoll.
You kill the gnoll!
Trog accepts your kill.
The gnoll hits you from afar with a +0 halberd.
* * * LOW HITPOINT WARNING * * *
Your Long Blades skill increases to level 6!
You closely miss the gnoll. You headbutt the gnoll.
The gnoll is lightly wounded.
The gnoll hits you with a +0 club.
* * * LOW HITPOINT WARNING * * *
The gnoll barely misses you.
You hit the gnoll.
The gnoll is heavily wounded.
The gnoll barely misses you. You furiously retaliate!
You headbutt the gnoll!
You kill the gnoll!
Trog accepts your kill. The gnoll barely misses you.
You hit the dart slug.
The dart slug is poisoned.
The dart slug is heavily wounded.
The dart slug bites you but does no damage.
The gnoll hits you from afar with a +0 halberd.
* * * LOW HITPOINT WARNING * * *
You hit the dart slug.
The dart slug looks as sick as possible!
The dart slug is almost dead.
You kill the dart slug!
Trog accepts your kill. The gnoll closely misses you.
The gnoll attacks as it pursues you!
The gnoll hits you from afar with a +0 halberd.
You die...

#..w>.# ##.....##
#.......###
#.........###
#............
#.......$...
###########..........
##.....##.g...<.......
##......@.g)...........
#......................
#.............)......!.
#......................
#.......>..............
#.............<..######
#................#
##..............##
##.....##.....##


You could see 2 gnolls.

Vanquished Creatures
  Sigmund (D:2)
  2 gnolls (D:3)
  An adder (D:2)
  A ribbon worm (D:2)
  2 dart slugs
  3 endoplasms (D:1)
  A giant cockroach (D:2)
  10 goblins
  4 hobgoblins
  4 jackals (D:1)
  3 kobolds (D:1)
  A quokka (D:1)
  2 ball pythons (D:2)
  4 bats
  2 frilled lizards (D:2)
  4 rats (D:1)
45 creatures vanquished.

Notes
Turn   | Place    | Note
-------+----------+-------------------------------------------
     0 | D:1      | Curundu the Minotaur Berserker began the quest for the Orb.
     0 | D:1      | Reached XP level 1. HP: 19/19 MP: 0/0
    74 | D:1      | Reached XP level 2. HP: 19/27 MP: 1/1
    86 | D:1      | Reached skill level 4 in Long Blades
   225 | D:1      | Found a faded altar of an unknown god.
   272 | D:1      | Reached XP level 3. HP: 33/33 MP: 2/2
   566 | D:2      | Reached ** piety under Trog
   867 | D:2      | Found a blossoming altar of Fedhas.
   947 | D:2      | Noticed Sigmund
   954 | D:2      | Killed Sigmund
   955 | D:2      | Reached skill level 5 in Long Blades
   955 | D:2      | Reached XP level 4. HP: 36/41 MP: 3/3
   955 | D:2      | Reached XP level 5. HP: 42/47 MP: 4/4
   977 | D:2      | Reached skill level 5 in Fighting
  1318 | D:3      | Reached skill level 6 in Long Blades
  1324 | D:3      | Slain by a gnoll

Illustrated notes

Levels and vault maps discovered:
D:1:      tarquinn_simple_flora_water_e, layout_rooms,
          dreamdust_ecumenical_altar_grove
D:2:      cheibrodos_old_hovel, layout_loops_ring, basic_altar,
          kennysheep_generic_room_2, uniq_sigmund
D:3:      layout_rooms, marbit_many_paths, mainiacjoe_overflow_brackets

Skill      XL: |  1  2  3  4  5 |
---------------+----------------+-----
Fighting       | 4 5 |  5.1
Long Blades    | 4 5 6 |  6.1
Armour         | 3 |  3.6
Dodging        | |  2.9

Action                     |  1- 3 |  4- 6 || total
---------------------------+-------+-------++-------
  Melee: Falchion          |    72 |    41 ||   113
         Headbutt          |    12 |     6 ||    18
 Invoke: Trog's Hand       |     1 |       ||     1
    Use: Scroll            |       |     3 ||     3
 Armour: Plate armour      |    82 |    54 ||   136
  Dodge: Dodged            |    41 |    16 ||    57

Table legend: (Time is in decaauts)
 A = Elapsed time spent in this place.
 B = Non-inter-level travel time spent in this place.
 C = Inter-level travel time spent in this place.
 D = Time resting spent in this place.
 E = Time spent auto-exploring this place.
 F = Levels seen in this place.
 G = Mean time per level.
                   A        B        C        D        E       F      G
               +--------+--------+--------+--------+--------+-----+--------+
         Total |   1330 |   1330 |      0 |      0 |    875 |   3 |  443.3 |
       Dungeon |   1330 |   1330 |      0 |      0 |    875 |   3 |  443.3 |
               +--------+--------+--------+--------+--------+-----+--------+

Top non-repeatable levels by time:
     D:2: 700 daAuts
     D:1: 560 daAuts
     D:3: 69 daAuts
